 Dungeon Crawl Stone Soup version 0.19-a0-1341-g3513869 (webtiles) character file.

5860 Amnesiac the Severer (level 10, -12/132 HPs)
             Began as a Deep Dwarf Berserker on Sept 2, 2016.
             Was an Elder of Trog.
             Mangled by an orc warrior
             ... wielding a +0 scimitar
              (15 damage)
             ... on level 9 of the Dungeon.
             The game lasted 00:28:15 (7899 turns).

Amnesiac the Severer (Deep Dwarf Berserker)         Turns: 7899, Time: 00:28:16

Health: -12/132    AC: 16    Str: 28    XL:     10   Next: 52%
Magic:  10/10      EV: 10    Int:  6    God:    Trog [****..]
Gold:   167        SH:  0    Dex: 19    Spells: 0 memorised, 9 levels left

rFire  + . .     SeeInvis .     u - +0 war axe
rCold  . . .     Gourm    +     b - +0 plate armour
rNeg   . . .     Faith    .     (no shield)
rPois  .         Spirit   .     (no helmet)
rElec  +         Dismiss  .     L - +0 cloak
rCorr  .         Reflect  .     F - +0 pair of gloves (curse)
MR     +....     Harm     .     M - +2 pair of boots of Puqyitz {-Cast rElec Str+4 Dex+4}
Stlth  .......... NoCast   +    W - amulet of the gourmand
                                (no ring)
                                z - ring of protection from fire

@: berserking (expiring), non-regenerating, very quick
A: damage resistance, recharge devices, repulsion field 1, dopey 1, sense
surroundings 3, screaming 1, slow regeneration 3, weak 1
a: Device Recharging, Berserk, Trog's Hand, Brothers in Arms, Burn Spellbooks,
Renounce Religion


You were on level 9 of the Dungeon.
You worshipped Trog.
Trog was greatly pleased with you.
You were completely stuffed.

You visited 1 branch of the dungeon, and saw 9 of its levels.
You also visited: Sewer.

You collected 452 gold pieces.
You spent 285 gold pieces at shops.

Inventory:

Hand Weapons
 p - a +0 blowgun
 u - a +0 war axe (weapon)
Missiles
 q - 50 poisoned needles
 J - a throwing net (quivered)
Armour
 b - a +0 plate armour (worn)
 F - a cursed +0 pair of gloves (worn)
 L - a +0 cloak (worn)
 M - the +2 pair of boots of Puqyitz (worn) {-Cast rElec Str+4 Dex+4}
   (You bought it in a shop on level 6 of the Dungeon)

   It affects your strength (+4).
   It affects your dexterity (+4).
   It insulates you from electricity.
   It prevents spellcasting.
Jewellery
 z - a ring of protection from fire (left hand)
 W - an amulet of the gourmand (around neck)
Wands
 c - a wand of heal wounds (5/9)
 j - a wand of slowing (17/48)
 k - a wand of paralysis (11/24)
 y - a wand of digging (19/24)
 N - a wand of iceblast (7/15)
 R - a wand of lightning (4/15)
Scrolls
 a - a scroll of magic mapping {unknown}
 g - 3 scrolls of enchant weapon {unknown}
 h - 6 scrolls of identify {unknown}
 r - 2 scrolls of fear {unknown}
 s - a scroll of teleportation {unknown}
 w - 7 scrolls of remove curse
 A - 2 scrolls of fog {unknown}
 B - a scroll of immolation {unknown}
 C - 2 scrolls of amnesia {unknown}
 G - 4 scrolls of noise {unknown}
 K - 4 scrolls of enchant armour {unknown}
 O - a scroll of random uselessness {unknown}
 X - a scroll of recharging {unknown}
Potions
 e - 6 potions of lignification {unknown}
 f - 2 potions of berserk rage {unknown}
 l - 8 potions of curing
 m - 3 potions of brilliance {unknown}
 n - 2 potions of magic {unknown}
 o - 2 potions of haste
 t - 3 potions of heal wounds {unknown}
 v - a potion of cure mutation {unknown}
 x - a potion of degeneration {unknown}
 D - a potion of might {unknown}
 I - a potion of flight {unknown}
 P - a potion of invisibility {unknown}
 Q - a potion of ambrosia {unknown}
Books
 S - a book of Changes

   Spells                             Type                      Level
   a - Beastly Appendage              Transmutation                1
   b - Sticks to Snakes               Transmutation                2
   c - Spider Form                    Transmutation/Poison         3
   d - Ice Form                       Ice/Transmutation            4
   e - Blade Hands                    Transmutation                5
   Trog disapproves of the use of such an item.
Comestibles
 d - 6 bread rations
 i - 4 chunks of flesh
 E - 7 fruits
 U - 3 meat rations


   Skills:
 - Level 5.0 Fighting
 + Level 15.8 Axes
 - Level 2.1 Armour
 - Level 2.1 Dodging


You had 9 spell levels left.
You didn't know any spells.

Dungeon Overview and Level Annotations

Branches:
Dungeon (9/15)             Temple (0/1) D:6             Orc (0/2) D:9
   Lair: D:8-11

Altars:
Cheibriados
Dithmenos
Gozag
Qazlal
Ru
Sif Muna
Trog
Uskayaw
Xom
Beogh

Shops:
D:4 %   D:5 *   D:6 [   D:7 [


Innate Abilities, Weirdness & Mutations

You are resistant to damage.
You can recharge devices by infusing magical energy.
You passively map a large area around you.
You do not regenerate.
You are surrounded by a mild repulsion field. (EV +2)
You are dopey. (Int -2)
You occasionally shout uncontrollably at your foes.
You are weak. (Str -2)


Message History

You kill the orc!
Trog accepts your kill.
You closely miss the orc warrior.
The orc warrior is moderately wounded.
The orc warrior misses you.
You barely miss the orc warrior.
The orc warrior is moderately wounded.
You closely miss the orc warrior.
The orc warrior is moderately wounded.
You slash the orc!
You kill the orc!
Trog accepts your kill.
You closely miss the orc warrior.
The orc warrior hits you but does no damage.
Your plate armour prevents you from hitting the orc warrior.
The orc warrior is moderately wounded.
You slash the orc warrior!
The orc warrior is severely wounded.
The orc warrior hits you with a scimitar!
You die...

* *#.#...#.### #....# , *
#. .#.....# #....# * #.*
......# #....#
######.###.....###
###....#
*..........<.......
.......†.
.#########.#.#####
#####.#.. ,, , .....#...#
#.### *,
*.....8)#############.#..
>,
.....oo@...........)....
,*
..⌠..8)#)########.##....
,*
.....#..)...#...#...##.#
*
.....#.#)##.#.#.#.).##.#
* *>._
#.#.##.#.......##.# * ..
#.#.##.###.######.# .
#.#.##.#..........# * *
8.#.##.#.#.####...# *,
,..##.#.#.# ...


You could see an orc warrior and an orc.

Vanquished Creatures
  A two-headed ogre (D:8)
  Sigmund (D:5)
  3 yaks (D:9)
  A wyvern (D:8)
  A hippogriff (D:7)
  Menkaure (D:4)
  Edmund (D:6)
  3 ice beasts
  A sky beast (D:9)
  7 orc warriors
  A black bear (D:8)
  The ghost of Amnesiac the Chopper, an amateur HOBe of Trog (D:4)
  8 ogres
  A centaur (D:5)
  4 giant frogs
  A gnoll sergeant (D:9)
  A wyvern skeleton (D:8)
  A scorpion (D:4)
  7 killer bees
  5 howler monkeys
  4 crimson imps
  A giant frog zombie (D:7)
  A quasit (D:5)
  9 orc priests
  A centaur zombie (D:5)
  Crazy Yiuf (D:4)
  2 centaur skeletons
  6 hounds
  7 orc wizards
  A giant frog skeleton (D:8)
  3 iguanas
  Terence (D:2)
  7 worker ants
  A hound zombie (D:7)
  A worker ant zombie (D:5)
  12 gnolls
  6 adders
  2 oozes
  An adder skeleton (D:3)
  2 worms (D:2)
  2 dart slugs
  6 giant geckos
  48 orcs
  13 bats
  3 giant cockroaches
  7 goblins
  9 hobgoblins
  11 jackals
  15 kobolds
  7 quokkas
  5 ball pythons
  A giant gecko zombie (D:6)
  8 giant newts
  A jackal skeleton (D:8)
  A quokka skeleton (D:4)
  5 rats
  2 fungi (D:4)
  3 plants (Sewer)
266 creatures vanquished.

Vanquished Creatures (others)
  An orc wizard (D:6)
1 creature vanquished.

Grand Total: 267 creatures vanquished

Notes
Turn   | Place    | Note
-------+----------+-------------------------------------------
     0 | D:1      | Amnesiac the Deep Dwarf Berserker began the quest for the Orb.
     0 | D:1      | Reached XP level 1. HP: 20/20 MP: 1/1
    67 | D:1      | Reached XP level 2. HP: 22/27 MP: 2/2
   114 | D:2      | Noticed Terence
   141 | D:2      | Killed Terence
   141 | D:2      | Reached skill level 4 in Axes
   141 | D:2      | Reached XP level 3. HP: 34/34 MP: 3/3
   324 | D:3      | Reached XP level 4. HP: 42/42 MP: 4/4
   464 | D:5      | Entered Level 5 of the Dungeon
   469 | D:5      | Found a sacrificial altar of Ru.
   481 | D:5      | Found a shadowy altar of Dithmenos.
   481 | D:5      | Noticed an ogre
   482 | D:5      | Noticed a centaur
   482 | D:5      | Found an opulent altar of Gozag.
   482 | D:5      | Found a shimmering altar of Xom.
   482 | D:5      | Found a hide-covered altar of Uskayaw.
   482 | D:5      | Noticed an ogre
   495 | D:5      | Found a bloodstained altar of Trog.
   503 | D:5      | Killed an ogre
   503 | D:5      | Reached skill level 5 in Axes
   503 | D:5      | Reached XP level 5. HP: 30/50 MP: 5/5
   508 | D:5      | Killed a centaur
   508 | D:5      | Reached skill level 6 in Axes
   511 | D:5      | Killed an ogre
   511 | D:5      | Reached ** piety under Trog
   511 | D:5      | Reached XP level 6. HP: 28/57 MP: 6/6
   590 | D:5      | Reached skill level 7 in Axes
   772 | D:5      | Noticed Sigmund
   818 | D:5      | Killed Sigmund
   818 | D:5      | Reached XP level 7. HP: 51/66 MP: 7/7
   987 | D:5      | Found a glowing drain.
  1035 | Sewer    | Entered a sewer
  1170 | Sewer    | Reached skill level 8 in Axes
  2006 | D:5      | Found Dadimoil's Assorted Antiques.
  2130 | D:5      | Reached skill level 5 in Fighting
  2302 | D:6      | Found a sacrificial altar of Ru.
  2396 | D:6      | Found Voapuwn's Antique Armour Boutique.
  2533 | D:6      | Reached skill level 9 in Axes
  2561 | D:6      | Reached XP level 8. HP: 62/74 MP: 8/8
  2639 | D:6      | Found a staircase to the Ecumenical Temple.
  2710 | D:6      | Noticed Edmund
  2719 | D:6      | Killed Edmund
  2719 | D:6      | Reached skill level 10 in Axes
  2838 | D:6      | Found a stormy altar of Qazlal.
  3101 | D:6      | Reached skill level 11 in Axes
  3284 | D:4      | Found a snail-covered altar of Cheibriados.
  3385 | D:4      | Noticed Amnesiac's ghost (amateur HOBe)
  3396 | D:4      | Killed Amnesiac's ghost
  3437 | D:4      | Noticed Menkaure
  3451 | D:4      | Killed Menkaure
  3609 | D:4      | Reached skill level 12 in Axes
  3609 | D:4      | Gained mutation: You passively map the area around you. [Deep Dwarf growth]
  3609 | D:4      | Reached XP level 9. HP: 43/81 MP: 9/9
  5144 | D:4      | Found Byick's Food Shoppe.
  5846 | D:4      | Found a runed door.
  5850 | D:4      | Noticed Crazy Yiuf
  5854 | D:4      | Killed Crazy Yiuf
  5991 | D:6      | Bought a pair of spiked boots for 285 gold pieces
  5996 | D:6      | Identified the +2 pair of boots of Puqyitz {-Cast rElec Str+4 Dex+4} (You bought it in a shop on level 6 of the Dungeon)
  6144 | D:7      | Reached skill level 13 in Axes
  6257 | D:7      | Found Etisereg's Armour Shop.
  6895 | D:8      | Reached *** piety under Trog
  6895 | D:8      | Reached skill level 14 in Axes
  7041 | D:8      | Found a deep blue altar of Sif Muna.
  7126 | D:8      | Reached XP level 10. HP: 88/88 MP: 10/10
  7458 | D:9      | Reached skill level 15 in Axes
  7718 | D:9      | Gained mutation: You are weak. (Str -2) [mutagenic meat]
  7725 | D:9      | Gained mutation: You occasionally shout uncontrollably at your foes. [mutagenic meat]
  7728 | D:9      | Gained mutation: You are surrounded by a mild repulsion field. (EV +2) [mutagenic meat]
  7731 | D:9      | Gained mutation: You are dopey. (Int -2) [mutagenic meat]
  7737 | D:9      | Gained mutation: You passively map a large area around you. [mutagenic meat]
  7860 | D:9      | Reached **** piety under Trog
  7873 | D:9      | Found a roughly hewn altar of Beogh.
  7873 | D:9      | Found a staircase to the Orcish Mines.
  7889 | D:9      | HP: 3/132 [orc warrior/dire flail (10)]
  7899 | D:9      | Mangled by an orc warrior

Vault maps used:
D:1:      dpeg_arrival_three_same_balls
D:2:      serial_glass, glass_columns_c, glass_columns_b, glass_columns_b,
          glass_columns_c, first_bread, uniq_terence
D:4:      cheibriados_altar_1, grunt_ministairs_6, kennysheep_small_square,
          uniq_crazy_yiuf_cottage, uniq_menkaure
D:5:      grunt_temple_overflow_open, serial_shops, nicolae_shop_trees,
          portal_sewer_entry_f, uniq_sigmund
D:6:      nicolae_overflow_crystal_walls, serial_shops, shop,
          nicolae_ru_awakened_eye, uniq_edmund
D:7:      serial_shops, shop
D:8:      kennysheep_mini_moat, special_room
D:9:      david_orc_5, grunt_ogre_cave
Sewer:    sewer_co_scattered_pipes

Skill      XL: |  1  2  3  4  5  6  7  8  9 10 |
---------------+-------------------------------+-----
Fighting       | 3 4 5 |  5.0
Axes           | 4 5 6 7 9 12 14 15 | 15.8
Armour         | |  2.1
Dodging        | |  2.1

Action                   |  1- 3 |  4- 6 |  7- 9 | 10-12 || total
-------------------------+-------+-------+-------+-------++-------
Melee: Hand axe          |    52 |    52 |   299 |       ||   403
       War axe           |       |       |   497 |   194 ||   691
Invok: Berserk           |     2 |     4 |    18 |     4 ||    28
       Trog's Hand       |       |     3 |    27 |     2 ||    32
  Use: Scroll            |       |       |     1 |       ||     1
 Stab: Sleeping          |       |     1 |       |       ||     1
  Eat: Chunk             |       |     6 |    57 |    14 ||    77
       Meat ration       |       |       |     1 |       ||     1
       Pizza             |       |       |     1 |       ||     1
Armor: Animal skin       |    22 |     4 |    45 |       ||    71
       Plate armour      |       |       |   134 |    72 ||   206
       Ring mail         |       |       |    27 |       ||    27
Dodge: Dodged            |    48 |    33 |   295 |    55 ||   431
